 Dungeon Crawl Stone Soup version 0.27-a0-1147-gb3d8e82157 (webtiles) character file.

Game seed: 12538183564770568919

62 freelancePsychic the Magician (level 4, -1/32 HPs)
             Began as a Gnoll Hedge Wizard on May 11, 2021.
             Slain by an adder (2 damage)
             ... on level 3 of the Dungeon.
             The game lasted 00:07:18 (3416 turns).

freelancePsychic the Magician (Gnoll Hedge Wizard)  Turns: 3416, Time: 00:07:19

Health: -1/32      AC:  5    Str:  9    XL:     4   Next: 8%
Magic:  11/13      EV: 13    Int: 15    God:
Gold:   109        SH:  0    Dex: 11    Spells: 14/17 levels left

rFire    . . .     SeeInvis .   l - +1 morningstar (vamp)
rCold    . . .     Faith    .   (no shield)
rNeg     . . .     Spirit   .   b - +0 robe
rPois    .         Reflect  .   c - +0 hat
rElec    .         Harm     .   (no cloak)
rCorr    .         Rampage  .   k - +0 pair of gloves
Will     .....                  (no boots)
Stlth    ++........             (no amulet)
HPRegen  0.10/turn              (no ring)
MPRegen  0.13/turn              (no ring)

@: mighty, brilliant, lethally poisoned (-1 -> -5), attractive
A: fangs 1, strong nose, distributed training, iridescent scales 1, MP-powered
wands
a: no special abilities


You were on level 3 of the Dungeon.
You visited 1 branch of the dungeon, and saw 3 of its levels.
You also visited: Sewer.

You collected 109 gold pieces.

Inventory:

Hand Weapons
 a - a +0 dagger
 l - a +1 vampiric morningstar (weapon)
Armour
 b - a +0 robe (worn)
 c - a +0 hat (worn)
 h - a +0 buckler
 k - a +0 pair of gloves (worn)
Magical Staves
 f - a staff of cold
Scrolls
 d - 4 scrolls of teleportation {@r4}
 g - 2 scrolls of noise
 j - a scroll of fog
 q - a scroll of identify {@r1}
 r - a scroll of immolation {unknown}
Potions
 e - a potion of mutation
 o - a potion of invisibility {unknown}
 p - a potion of curing {unknown}


   Skills:
 + Level 1.0 Fighting
 + Level 1.0 Short Blades
 + Level 1.0 Long Blades
 + Level 1.0 Axes
 + Level 1.0 Maces & Flails
 + Level 1.0 Polearms
 + Level 1.0 Staves
 + Level 1.0 Slings
 + Level 1.0 Bows
 + Level 1.0 Crossbows
 + Level 1.0 Throwing
 + Level 1.0 Armour
 + Level 4.6 Dodging
 + Level 4.2 Stealth
 + Level 1.0 Shields
 + Level 1.0 Unarmed Combat
 + Level 7.2 Spellcasting
 + Level 2.2 Conjurations
 + Level 0.7 Hexes
 + Level 2.2 Summonings
 + Level 0.7 Necromancy
 + Level 2.2 Translocations
 + Level 0.7 Transmutations
 + Level 0.7 Fire Magic
 + Level 0.7 Ice Magic
 + Level 0.7 Air Magic
 + Level 0.7 Earth Magic
 + Level 0.7 Poison Magic
 + Level 1.1 Invocations
 + Level 1.0 Evocations


You had 14 spell levels left.
You knew the following spells:

 Your Spells              Type           Power      Damage    Failure   Level
a - Magic Dart            Conj           72%        1d6       5%          1
b - Blink                 Tloc           N/A        N/A       8%          2

Your spell library contained the following spells:

 Spells                   Type           Power      Damage    Failure   Level
 Call Imp                 Summ           18%        N/A       8%          2
 Animate Skeleton         Necr           22%        N/A       10%         1
 Pain                     Necr           44%        1d6       10%         1
 Slow                     Hex            11%        N/A       14%         2
 Conjure Flame            Conj/Fire      14%        6-21      22%         3
 Mephitic Cloud           Conj/Pois/Air  13%        N/A       24%         3
 Vampiric Draining        Necr           5%         2d6       28%         3
 Animate Dead             Necr           5%         N/A       67%         4
 Agony                    Necr           11%        N/A       95%         5


Dungeon Overview and Level Annotations

Branches:
Dungeon (3/15)              Sewer (visited)

Altars:

Shops:
D:1 ?   D:2 (


Innate Abilities, Weirdness & Mutations

You have very sharp teeth.
Your uncanny sense of smell can sniff out nearby items.
Your experience applies equally to all skills.
You are partially covered in iridescent scales. (AC +2)
You expend magic power (3 MP) to strengthen your wands.


Message History

You are too injured to fight recklessly!
You are too injured to fight recklessly!
You are too injured to fight recklessly!
You are too injured to fight recklessly!
You are too injured to fight recklessly!
Aiming: Magic Dart (safe; 5% risk of failure)
Press: ? - help, Q - select action, (/) - cycle Shift-Dir - straight line, f - adder
Aim: an adder (lightly wounded, 100% to hit)
The magic dart hits the adder.
The adder is moderately wounded.
You feel sick. The adder bites you.
You are lethally poisoned!
The adder poisons you!
Aiming: Magic Dart (safe; 5% risk of failure)
Press: ? - help, Q - select action, (/) - cycle Shift-Dir - straight line, f/p - adder
Aim: an adder (moderately wounded, 100% to hit)
The magic dart hits the adder.
The adder is moderately wounded.
You feel very sick. The adder bites you but does no damage.
It was a potion of mutation.
You feel extremely strange.
Iridescent scales grow over part of your body.
You feel your magical essence link to the dungeon's wands.
* * * LOW HITPOINT WARNING * * *
You feel sick. The adder completely misses you. The adder closely misses you.
It was a potion of might.
You feel very mighty all of a sudden.
* * * LOW HITPOINT WARNING * * *
You feel sick. The adder barely misses you.
It was a potion of brilliance.
You feel clever all of a sudden.
* * * LOW HITPOINT WARNING * * *
You feel sick. The adder barely misses you.
It was a potion of attraction.
You feel attractive to monsters.
* * * LOW HITPOINT WARNING * * *
You feel sick. The adder bites you.
* * * LOW HITPOINT WARNING * * *
The adder bites you.
You die...

### ..# #### #
#.# ...
#.#.###.##
#.#.##?..####.
#.............
#.#.##@..####
#.#.###S## ##
#.#.# .# (##
#.#.# .# ..#
#.#.###.. ..#
#.....### #.#
###.#.# #.#
##....#
#.#########.....#


You could see an adder.

Vanquished Creatures
  A worm (D:2)
  3 ball pythons
  4 endoplasms
  2 giant cockroaches (D:3)
  6 goblins
  5 hobgoblins
  7 jackals
  3 quokkas (D:3)
  5 bats
  A frilled lizard (D:1)
  8 kobolds
  8 rats
53 creatures vanquished.

Notes
Turn   | Place    | Note
-------+----------+-------------------------------------------
     0 | D:1      | freelancePsychic the Gnoll Hedge Wizard began the quest for
                  | the Orb.
     0 | D:1      | Reached XP level 1. HP: 13/13 MP: 8/8
   403 | D:1      | Found Ceileiwk's Magic Scroll Shoppe.
   635 | D:1      | Reached XP level 2. HP: 18/19 MP: 8/10
   985 | D:1      | Learned a level 2 spell: Blink
  1114 | D:1      | Found a faded altar of an unknown god.
  1419 | D:1      | Reached XP level 3. HP: 25/25 MP: 7/11
  2050 | D:2      | Found Qofai's Antique Weapon Emporium.
  2407 | D:2      | Reached skill level 1 in Invocations
  2900 | D:3      | Found a glowing drain.
  2919 | D:3      | Reached skill level 1 in Fighting
  2919 | D:3      | Reached skill level 1 in Short Blades
  2919 | D:3      | Reached skill level 1 in Long Blades
  2919 | D:3      | Reached skill level 1 in Axes
  2919 | D:3      | Reached skill level 1 in Maces & Flails
  2919 | D:3      | Reached skill level 1 in Polearms
  2919 | D:3      | Reached skill level 1 in Staves
  2919 | D:3      | Reached skill level 1 in Slings
  2919 | D:3      | Reached skill level 1 in Bows
  2919 | D:3      | Reached skill level 1 in Crossbows
  2919 | D:3      | Reached skill level 1 in Throwing
  2919 | D:3      | Reached skill level 1 in Armour
  2919 | D:3      | Reached skill level 1 in Shields
  2919 | D:3      | Reached skill level 1 in Unarmed Combat
  2919 | D:3      | Reached skill level 1 in Evocations
  2954 | Sewer    | Entered a sewer
  3043 | Sewer    | Reached XP level 4. HP: 31/32 MP: 5/13
  3157 | Sewer    | Noticed Purgy
  3413 | D:3      | Gained mutation: You are partially covered in iridescent
                  | scales. (AC +2) [potion of mutation]
  3413 | D:3      | Gained mutation: You expend magic power (3 MP) to
                  | strengthen your wands. [potion of mutation]
  3416 | D:3      | HP: 1/32 [adder (2)]
  3416 | D:3      | Slain by an adder

Illustrated notes

Levels and vault maps discovered:
D:1:      dpeg_arrival_subterranean_lakeside_camping, layout_basic,
          hellmonk_ecumenical_altar_lost_god, serial_shops, shop, minivault_11,
          serial_bayou_crossing
D:2:      layout_loops_ring, serial_shops, shop, minmay_misc_feat_square,
          kennysheep_nub
D:3:      layout_loops_ring, portal_sewer_entry_f

Skill      XL: |  1  2  3 |
---------------+----------+-----
Conjurations   | 2 |  2.2
Summonings     | 2 |  2.2
Translocations | 2 |  2.2
Invocations    | 1 |  1.1
Fighting       | 1 |  1.0
Short Blades   | 1 |  1.0
Long Blades    | 1 |  1.0
Axes           | 1 |  1.0
Maces & Flails | 1 |  1.0
Polearms       | 1 |  1.0
Staves         | 1 |  1.0
Slings         | 1 |  1.0
Bows           | 1 |  1.0
Crossbows      | 1 |  1.0
Throwing       | 1 |  1.0
Armour         | 1 |  1.0
Shields        | 1 |  1.0
Unarmed Combat | 1 |  1.0
Evocations     | 1 |  1.0
Dodging        | |  4.6
Stealth        | |  4.2
Spellcasting   | |  7.2
Hexes          | |  0.7
Necromancy     | |  0.7
Transmutations | |  0.7
Fire Magic     | |  0.7
Ice Magic      | |  0.7
Air Magic      | |  0.7
Earth Magic    | |  0.7
Poison Magic   | |  0.7

Action                   |  1- 3 |  4- 6 || total
-------------------------+-------+-------++-------
Melee: Dagger            |    12 |       ||    12
       Staff             |    31 |       ||    31
       Bite              |     4 |       ||     4
       Morningstar       |       |    13 ||    13
 Cast: Magic Dart        |   105 |     8 ||   113
       Blink             |       |     5 ||     5
  Use: Scroll            |     5 |     1 ||     6
       Potion            |       |     4 ||     4
 Stab: Sleeping          |       |     1 ||     1
Armor: Robe              |    14 |     9 ||    23
Dodge: Dodged            |    33 |    14 ||    47

Table legend: (Time is in decaauts)
 A = Elapsed time spent in this place.
 B = Non-inter-level travel time spent in this place.
 C = Inter-level travel time spent in this place.
 D = Time resting spent in this place.
 E = Time spent auto-exploring this place.
 F = Levels seen in this place.
 G = Mean time per level.
                   A        B        C        D        E       F      G
               +--------+--------+--------+--------+--------+-----+--------+
         Total |   3451 |   3412 |     39 |    343 |   2571 |   4 |  862.8 |
       Dungeon |   3151 |   3112 |     39 |    203 |   2522 |   3 | 1050.3 |
         Sewer |    300 |    300 |      0 |    140 |     49 |   1 |  300.0 |
               +--------+--------+--------+--------+--------+-----+--------+

Top non-repeatable levels by time:
     D:1: 1618 daAuts
     D:2: 1140 daAuts
     D:3: 392 daAuts
   Sewer: 300 daAuts
